Map: Hard Lead LE

Players

Marcianeke

  • Race: Zerg Zerg
  • League: Platinum
  • Spawn Location: 5:00

ColdZero - Winner!

  • Race: Protoss Protoss
  • League: Diamond
  • Spawn Location: 11:00

VOD

Have the link to the VOD?

Description

Time

  • Played on: Dec. 5, 2023, 1:12 a.m.
  • Length: 28:07
Show
View Real Time Build Order
Export as new Build Order

Marcianeke Zerg 

Build Orders: Pool First 

Get SALT Encoding   

  12  0:18  Spawning Pool  
  11  0:22  Drone  
  11  0:26  Drone  
  13  0:31  Drone  
  14  0:40  Overlord  
  14  1:05  Zergling x2  
  14  1:06  Zergling x4  
  17  1:32  Drone x2  
  19  1:37  Queen  
  21  1:42  Hatchery  
  20  2:08  Drone x2  
  20  2:12  Extractor  
  20  2:15  Overlord  
  20  2:27  Overlord  
  20  2:33  Queen  
  20  2:50  Drone  
  20  2:51  Drone x3  
  24  2:57  Spine Crawler  
  24  2:58  Queen  
  25  3:09  Queen  
  27  3:17  Overlord x2  
  27  3:23  Drone x3  
  30  3:38  Queen  
  32  3:41  Metabolic Boost  
  32  4:10  Overlord x2  
  32  4:15  Drone x3  
  35  4:28  Spore Crawler  
  35  4:30  Spore Crawler  
  33  4:32  Drone x2  
  33  4:33  Drone x3  
  33  4:34  Drone  
  39  4:39  Zergling x2  
  39  4:40  Zergling x12  
  46  4:56  Drone  
  46  4:57  Drone x4  
  51  5:06  Roach Warren  
  50  5:25  Lair  
  50  5:28  Drone x5  
  54  5:32  Evolution Chamber  
  54  5:33  Evolution Chamber  
  53  5:36  Drone x4  
  53  5:37  Extractor  
  53  5:38  Extractor, Drone x3  
  58  5:51  Drone  
  58  5:52  Drone  
  60  6:04  Hatchery  
  59  6:15  Roach x4  
  67  6:31  Queen  
  69  6:33  Drone  
  69  6:34  Drone x2  
  72  6:40  Extractor  
  72  6:41  Drone x2  
  72  6:42  Drone  
  72  6:43  Overlord x4  
  72  6:44  Overlord  
  74  6:53  Roach  
  76  6:54  Glial Reconstitution  
  76  7:09  Roach x5  
  76  7:10  Roach x2  
  90  7:26  Roach  
  90  7:27  Roach x5  
  102  7:49  Roach x9  
  120  7:56  Zerg Missile Weapons Level 1  
  120  8:00  Zerg Ground Armor Level 1  
  120  8:07  Drone x2  
  120  8:09  Overlord x6  
  122  8:13  Extractor  
  121  8:35  Roach x11  
  121  8:36  Roach  
  145  8:45  Roach  
  145  8:46  Roach x5  
  157  8:57  Drone x3  
  157  8:58  Drone x5  
  165  9:13  Drone x3  
  165  9:15  Drone x2  
  170  9:18  Extractor  
  169  9:26  Burrow  
  169  9:33  Drone  
  169  9:34  Overlord x2  
  169  9:35  Overlord x4  
  170  9:41  Hydralisk Den  
  169  9:46  Infestation Pit  
  169  9:50  Zerg Missile Weapons Level 2  
  168  9:54  Zerg Ground Armor Level 2  
  168  10:18  Hydralisk x2, Muscular Augments  
  168  10:19  Hydralisk x5  
  168  10:20  Hydralisk  
  184  10:29  Drone x3  
  187  10:39  Hatchery  
  186  10:48  Hydralisk x7  
  177  11:22  Grooved Spines  
  173  11:30  Hydralisk x2, Roach  
  173  11:31  Hydralisk x12  
  149  12:00  Hydralisk x9  
  161  12:25  Hydralisk  
  161  12:26  Hydralisk x4  
  169  12:36  Hydralisk x6  
  173  12:44  Hatchery  
  138  13:23  Hydralisk  
  138  13:24  Hydralisk x10  
  130  13:38  Hydralisk  
  130  13:39  Hydralisk x3  
  130  13:40  Zergling x2  
  132  13:41  Zergling x6  
  131  13:48  Zergling x2  
  107  14:08  Zergling x20  
  107  14:09  Zergling x2  
  109  14:18  Zergling x2  
  109  14:19  Zergling x4  
  93  14:52  Hydralisk  
  93  14:53  Hydralisk x16  
  127  15:13  Lurker Den  
  126  15:26  Hatchery  
  123  15:29  Extractor  
  123  15:30  Extractor  
  116  15:58  Extractor  
  116  16:00  Extractor  
  114  16:10  Hive  
  114  16:14  Lurker  
  114  16:15  Lurker x8  
  114  16:16  Lurker x2  
  114  16:17  Hydralisk x5  
  135  16:29  Drone  
  135  16:30  Drone x2  
  135  16:31  Drone x5  
  135  16:32  Drone  
  144  16:41  Overseer x3  
  97  17:06  Hydralisk  
  97  17:07  Hydralisk x14  
  114  17:22  Seismic Spines  
  114  17:24  Hatchery  
  114  17:25  Zerg Missile Weapons Level 3  
  113  17:34  Zerg Ground Armor Level 3  
  99  18:08  Hatchery  
  99  18:12  Hydralisk  
  98  18:13  Hydralisk x9  
  118  18:24  Drone x4  
  118  18:25  Drone  
  123  18:49  Lurker  
  123  18:50  Lurker x2  
  72  19:12  Hydralisk x11  
  94  19:44  Lurker x2  
  96  19:46  Lurker  
  96  19:47  Lurker x2  
  96  19:48  Hydralisk x6  
  96  19:49  Hydralisk  
  80  20:30  Hydralisk x5  
  80  20:31  Hydralisk x6  
  80  20:32  Hydralisk  
  94  20:47  Hydralisk  
  94  20:48  Hydralisk x2  
  96  20:59  Hydralisk x3  
  96  21:27  Hatchery  
  96  21:28  Hydralisk x2  
  96  21:29  Hydralisk x3  
  64  22:11  Hydralisk x6  
  64  22:12  Hydralisk x4  
  79  22:28  Lurker x4  
  83  22:32  Zergling x16  
  91  22:41  Baneling Nest  
  90  22:45  Lurker x4  
  94  23:05  Lurker x3  
  97  23:27  Hydralisk, Hatchery  
  97  23:28  Hydralisk x3  
  97  23:30  Baneling  
  97  23:31  Baneling  
  97  23:32  Baneling  
  104  23:44  Drone x2  
  104  23:45  Drone x6  
  106  24:23  Hydralisk x6  
  118  24:37  Hydralisk x2  
  122  25:03  Lurker  
  69  25:50  Hydralisk  
  69  25:51  Hydralisk x5  
  71  26:44  Roach  
  71  26:45  Roach x4  
  71  26:50  Extractor x2  
  61  27:07  Spore Crawler  
  60  27:08  Spore Crawler  
  60  27:09  Spore Crawler x2  
  60  27:10  Spore Crawler x2  
  60  27:11  Spore Crawler  
  60  27:12  Spore Crawler x2  
  60  27:15  Spore Crawler x4  
  49  27:18  Spore Crawler  
  43  27:38  Hydralisk x5  
  43  27:39  Hydralisk x4  
Show
View Real Time Build Order
Export as new Build Order

ColdZero Protoss - Winner!

Build Orders:  

Get SALT Encoding   

  12  0:00  Probe  
  13  0:12  Probe  
  14  0:19  Pylon  
  14  0:24  Probe (Chrono Boost)  
  15  0:38  Probe (Chrono Boost)  
  15  0:40  Gateway  
  16  0:46  Probe (Chrono Boost)  
  17  0:50  Assimilator  
  17  0:52  Probe  
  18  1:04  Probe  
  19  1:16  Probe  
  20  1:29  Zealot (Chrono Boost)  
  20  1:31  Gateway  
  20  1:32  Gateway  
  22  1:45  Cybernetics Core  
  22  1:47  Pylon  
  22  1:49  Probe  
  23  2:03  Zealot (Chrono Boost)  
  27  2:28  Stalker (Chrono Boost)  
  27  2:29  Stalker (Chrono Boost), Pylon  
  26  2:41  Probe  
  25  2:52  Nexus  
  25  2:53  Probe  
  26  3:05  Probe (Chrono Boost)  
  27  3:06  Assimilator  
  27  3:17  Probe (Chrono Boost)  
  27  3:18  Stargate  
  28  3:23  Probe (Chrono Boost)  
  29  3:31  Warp Gate, Probe  
  30  3:43  Probe  
  31  3:56  Pylon  
  31  3:57  Probe (Chrono Boost)  
  32  4:03  Oracle  
  32  4:04  Probe (Chrono Boost), Pylon  
  36  4:14  Probe (Chrono Boost)  
  37  4:17  Probe (Chrono Boost)  
  37  4:22  Probe (Chrono Boost)  
  40  4:31  Probe (Chrono Boost)  
  40  4:34  Probe (Chrono Boost)  
  41  4:43  Probe (Chrono Boost)  
  41  4:44  Robotics Facility  
  42  4:53  Probe x2  
  48  5:02  Void Ray  
  48  5:04  Nexus  
  48  5:05  Pylon, Probe x2  
  50  5:17  Probe  
  50  5:19  Pylon  
  51  5:24  Probe  
  52  5:29  Probe  
  52  5:31  Assimilator  
  52  5:33  Twilight Council, Assimilator  
  52  5:35  Forge  
  53  5:36  Probe  
  53  5:38  Immortal  
  53  5:41  Probe (Chrono Boost)  
  59  5:48  Probe (Chrono Boost)  
  60  5:53  Probe (Chrono Boost)  
  60  5:56  Protoss Ground Weapons Level 1  
  62  5:57  Probe (Chrono Boost)  
  62  5:59  Probe (Chrono Boost)  
  62  6:02  Probe (Chrono Boost)  
  63  6:07  Probe  
  65  6:12  Zealot  
  65  6:13  Charge (Chrono Boost)  
  65  6:17  Observer, Probe x2  
  70  6:22  Gateway  
  70  6:23  Gateway  
  70  6:25  Gateway  
  70  6:28  Gateway  
  70  6:31  Gateway  
  70  6:34  Gateway  
  70  6:35  Probe x2  
  70  6:36  Probe  
  73  6:44  Shield Battery  
  73  6:47  Immortal, Probe  
  73  6:50  Probe x2  
  80  6:59  Probe  
  81  7:02  Probe x2  
  81  7:05  Zealot x2  
  87  7:10  Pylon  
  87  7:11  Pylon  
  87  7:12  Pylon, Probe  
  87  7:14  Probe, Pylon  
  89  7:24  Sentry  
  89  7:25  Sentry  
  89  7:27  Warp Prism  
  89  7:28  Probe x3  
  98  7:30  Sentry x4  
  103  7:40  Probe x2  
  103  7:43  Zealot x2, Assimilator  
  109  7:45  Assimilator  
  109  7:49  Probe  
  110  7:52  Probe x2  
  110  7:53  Zealot  
  110  7:54  Zealot x5  
  124  8:04  Pylon  
  124  8:05  Pylon  
  124  8:07  Pylon  
  124  8:24  Zealot x7  
  124  8:25  Zealot  
  140  8:32  Robotics Bay  
  138  8:36  Templar Archives  
  138  8:45  Probe x2  
  140  8:54  Probe  
  141  8:56  Immortal  
  141  8:57  Probe  
  141  9:00  Nexus  
  141  9:01  Pylon  
  146  9:03  Assimilator  
  146  9:07  Assimilator  
  146  9:08  Probe x2  
  146  9:09  Probe  
  149  9:11  Pylon  
  149  9:13  Pylon  
  149  9:14  Psionic Storm  
  149  9:16  Pylon  
  149  9:19  Pylon  
  149  9:20  Probe  
  150  9:30  Pylon, Probe x2  
  152  9:31  High Templar x4  
  152  9:32  High Templar x4, Probe  
  152  9:35  Archon, Colossus (Chrono Boost)  
  152  9:36  Archon x3  
  169  9:40  Pylon  
  169  9:45  Protoss Ground Weapons Level 2 (Chrono Boost)  
  175  9:54  Extended Thermal Lance  
  175  9:56  Forge  
  175  10:03  Gateway  
  175  10:04  Gateway  
  178  10:08  Gateway  
  178  10:12  Gateway  
  174  10:22  Zealot, Colossus (Chrono Boost)  
  174  10:23  Zealot x7  
  196  10:38  Protoss Ground Armor Level 1 (Chrono Boost)  
  194  10:58  Zealot x4  
  194  10:59  Zealot  
  128  11:35  Zealot x7  
  128  11:36  Zealot x5  
  128  11:37  Colossus (Chrono Boost)  
  136  12:00  Robotics Facility, Zealot x6  
  136  12:01  Zealot  
  148  12:05  Stalker  
  148  12:06  Stalker x4  
  136  12:24  Zealot x2  
  136  12:25  Zealot x5  
  146  12:33  Probe  
  146  12:36  High Templar x4  
  146  12:37  High Templar  
  147  12:47  Zealot x4  
  147  12:48  Zealot x3  
  147  12:50  Colossus  
  173  12:51  Pylon  
  136  13:11  Zealot x4  
  136  13:12  Zealot x2  
  110  13:23  Zealot x3  
  110  13:24  Zealot x3  
  114  13:32  Zealot x2  
  114  13:33  Zealot x4  
  93  13:41  Zealot x3  
  93  13:42  Zealot x2  
  93  13:44  Colossus  
  103  13:49  Zealot x6  
  109  13:58  Nexus  
  103  14:04  Zealot x6  
  115  14:10  Nexus  
  115  14:14  High Templar  
  115  14:15  High Templar x5  
  105  14:32  Zealot x6  
  105  14:36  Colossus  
  106  14:47  High Templar x2  
  106  14:48  High Templar x4  
  106  14:52  Archon x2  
  110  14:57  Zealot  
  110  14:58  Zealot x4  
  120  15:04  Pylon  
  120  15:09  High Templar  
  122  15:21  Probe x2  
  122  15:22  Probe x2  
  124  15:30  Archon  
  116  15:36  Colossus x2  
  132  15:55  Nexus  
  128  16:03  High Templar x4  
  128  16:04  High Templar x6  
  140  16:05  High Templar  
  140  16:07  Archon  
  140  16:08  Archon x4  
  150  16:16  Zealot  
  144  16:52  Archon  
  105  17:08  Colossus x2  
  105  17:10  Zealot x5  
  105  17:11  Zealot x7  
  141  17:18  Protoss Ground Armor Level 2  
  141  17:19  Protoss Ground Weapons Level 3  
  141  17:29  Assimilator  
  141  17:32  High Templar x2  
  141  17:33  High Templar x2  
  141  17:36  Zealot x4  
  141  17:37  Zealot x4  
  153  17:45  Assimilator  
  145  18:02  Observer  
  146  18:07  Stalker x8  
  146  18:08  Stalker x2  
  166  18:14  Observer  
  167  18:41  Nexus  
  133  19:07  Zealot x2  
  133  19:08  Zealot x10  
  132  19:18  Observer x2  
  134  19:27  Pylon  
  134  19:30  High Templar x4, Assimilator  
  142  19:32  High Templar x4, Assimilator  
  142  19:33  High Templar x4  
  142  19:36  Archon x3  
  142  19:37  Archon  
  158  20:03  Zealot x3  
  158  20:04  Zealot  
  158  20:05  Zealot x8  
  141  20:22  Archon  
  141  20:23  Archon  
  141  20:28  Zealot x8, Colossus x2 (Chrono Boost)  
  139  20:29  Zealot x4  
  128  20:45  Oracle  
  128  20:47  Protoss Ground Armor Level 3  
  125  20:50  High Templar x5  
  135  21:06  Fleet Beacon  
  135  21:10  Protoss Shields Level 1  
  135  21:11  Warp Prism (Chrono Boost)  
  135  21:15  Observer (Chrono Boost)  
  138  21:29  Zealot x3  
  138  21:30  Zealot x8  
  138  21:31  Zealot  
  162  21:33  Protoss Air Weapons Level 1 (Chrono Boost)  
  111  21:57  Archon  
  111  22:00  Zealot x6  
  111  22:01  Zealot x6  
  117  22:22  Carrier  
  123  22:23  Zealot x8  
  123  22:24  Zealot x3  
  123  22:28  Probe  
  123  22:29  Probe x3  
  149  23:03  Nexus  
  149  23:04  High Templar x3  
  149  23:05  High Templar  
  157  23:18  Zealot x4  
  157  23:19  Zealot x4  
  173  23:28  Pylon  
  173  23:31  Carrier (Chrono Boost)  
  179  23:39  Stargate  
  179  23:40  Stargate  
  179  24:12  High Templar x3  
  179  24:13  Stargate  
  179  24:14  High Templar  
  179  24:16  Archon  
  187  24:18  Archon  
  187  24:25  Carrier x2 (Chrono Boost)  
  199  24:42  Protoss Air Weapons Level 2 (Chrono Boost)  
  200  25:04  Carrier (Chrono Boost)  
  138  25:26  Zealot x7  
  138  25:27  Zealot x5  
  138  25:49  Warp Prism  
  148  25:51  Observer  
  133  25:57  Zealot x5  
  133  25:58  Zealot x4  
  131  26:13  Observer  
  131  26:16  Carrier  
  131  26:17  Carrier  
  129  26:20  Carrier  
  129  26:25  Colossus  
  128  26:55  Pylon  
  128  26:57  Observer  
  129  27:12  Zealot x2  
  129  27:13  Zealot x10  
  162  27:24  Oracle  
  161  27:37  Zealot x3  
  161  27:38  Zealot  
  161  27:41  Probe  
  166  27:50  Probe x3  
Tags
 
Add a new tag
Caveats
  • Supply blocks, unpowered buildings, or Contaminate may cause inaccurate times.
  • Supply counts are checked every 10 seconds.